Map: Blackpink LE

Players

Quark

  • Race: Terran Terran
  • League: Platinum
  • Spawn Location: 7:00

A.I. 1 (Very Easy) - Winner!

  • Race: Protoss Protoss
  • Spawn Location: 1:00

VOD

Have the link to the VOD?

Description

Time

  • Played on: Nov. 27, 2017, 7:45 a.m.
  • Length: 6:50
Show
View Real Time Build Order
Export as new Build Order

Quark Terran 

Build Orders: Reaper Expand, Mech 

Get SALT Encoding   

  12  0:01  SCV  
  13  0:13  SCV  
  14  0:18  Supply Depot  
  14  0:26  SCV  
  15  0:33  Refinery  
  15  0:39  SCV  
  16  0:46  Barracks  
  16  0:51  SCV  
  17  1:03  SCV  
  18  1:15  SCV  
  19  1:33  Orbital Command, Reaper  
  20  1:45  Command Center  
  20  2:00  SCV, Factory  
  21  2:15  SCV  
  21  2:16  Barracks Reactor  
  22  2:27  Supply Depot  
  22  2:28  Refinery, SCV  
  23  2:49  SCV  
  24  2:53  Factory Reactor  
  24  3:01  Orbital Command  
  24  3:04  SCV  
  25  3:09  Hellion x2  
  25  3:11  Barracks Tech Lab  
  29  3:13  Factory  
  29  3:16  SCV  
  30  3:29  SCV x2  
  30  3:30  Hellion x2  
  36  3:41  SCV x2  
  38  3:46  Barracks Tech Lab  
  38  3:53  SCV x2  
  40  3:59  Supply Depot  
  40  4:00  Hellion x2  
  44  4:05  SCV x2  
  46  4:21  SCV x2  
  46  4:22  Supply Depot  
  48  4:26  Supply Depot  
  48  4:33  SCV x2  
  48  4:34  Command Center  
  48  4:35  Armory  
  48  4:38  Hellion  
  54  4:42  Hellion  
  54  4:44  Siege Tank  
  57  4:46  SCV x2  
  59  4:58  SCV x2  
  61  5:03  Hellion x2  
  65  5:10  SCV x2  
  67  5:16  Siege Tank  
  70  5:29  Engineering Bay  
  70  5:35  Refinery x2  
  70  5:46  Hellion x2, SCV x2  
  76  5:58  SCV  
  76  6:02  SCV  
  78  6:07  Factory  
  78  6:10  SCV  
  78  6:11  Barracks Tech Lab  
  80  6:13  Starport  
  80  6:15  Factory  
  80  6:19  Orbital Command  
  80  6:22  Missile Turret  
  80  6:25  Missile Turret x2  
  79  6:28  Missile Turret  
  79  6:30  Missile Turret  
  79  6:31  SCV x2  
  81  6:34  Missile Turret  
Show
View Real Time Build Order
Export as new Build Order

A.I. 1 (Very Easy) Protoss - Winner!

Build Orders:  

Get SALT Encoding   

  12  0:00  Probe  
  13  0:13  Probe  
  14  0:19  Pylon  
  14  0:38  Assimilator  
  14  0:43  Gateway  
  14  0:46  Pylon  
  14  1:13  Assimilator  
  14  1:27  Probe  
  14  1:30  Zealot  
  17  1:34  Cybernetics Core  
  17  1:39  Probe  
  18  1:51  Probe  
  19  2:04  Probe  
  20  2:10  Warp Gate  
  20  2:16  Probe  
  21  2:28  Probe  
  22  2:39  Stalker  
  24  4:00  Probe  
  24  4:19  Probe  
  23  5:36  Probe  
Tags
 
Composition
Mech
League
Platinum
Matchup
PvT
Spawn Locations
Cross Positions
Add a new tag
Caveats
  • Supply blocks, unpowered buildings, or Contaminate may cause inaccurate times.
  • Supply counts are checked every 10 seconds.